 Dungeon Crawl Stone Soup version 0.18.1-50-g88ac8fd (webtiles) character file.

36429 grantduval the Nimble (level 13, -8/103 HPs)
             Began as a Demonspawn Chaos Knight on Sept 14, 2016.
             Killed from afar by a lich (37 damage)
             ... with a bolt of acid
             ... on level 1 of the Depths on Apr 12, 2017.
             The game lasted 01:42:40 (20620 turns).

grantduval the Nimble (Demonspawn Chaos Knight)    Turns: 20620, Time: 01:42:42

Health: -8/103     AC: 22    Str: 16 (17) XL:     13   Next: 53%
Magic:  0/32       EV: 11    Int:  9 (14) God:    Xom [*.....]
Gold:   444        SH:  8    Dex: 17      Spells: 2 memorised, 21 levels left

rFire  + + +     SeeInvis .     j - +3 demon whip (freeze)
rCold  . . .     Gourm    .     b - +3 leather armour
rNeg   . . .     Faith    .     w - +1 shield {AC+3}
rPois  +         Spirit   +     (helmet restricted)
rElec  .         Dismiss  .     o - +1 cloak
rCorr  .         Reflect  .     (gloves unavailable)
SustAt .         Harm     .     E - +1 pair of boots
MR     +....                    f - amulet of guardian spirit
Stlth  +++.......               i - ring of Tajootutt {rF+ MP+9}
                                U - +4 ring of protection

@: drained, somewhat resistant to hostile enchantments, fairly stealthy
A: antennae 1, claws 3, slimy green scales 3, agile 1, blink, demonic guardian
1, deterioration 1, fire resistance 2, magic resistance 1, screaming 1, spiny 1,
strong 1, wild magic 1
a: Blink, Renounce Religion


You were on level 1 of the Depths.
You worshipped Xom.
You were a special plaything of Xom.
You were not hungry.

You visited 3 branches of the dungeon, and saw 17 of its levels.

You collected 790 gold pieces.

Inventory:

Hand Weapons
 a - a +3 falchion of chaos
 j - a +3 demon whip of freezing (weapon)
Armour
 b - a +3 leather armour (worn)
 o - a +1 cloak (worn)
 w - a +1 shield of protection (worn)
 E - a +1 pair of boots (worn)
Jewellery
 c - an uncursed ring of poison resistance
 f - an amulet of guardian spirit (around neck)
 g - an uncursed ring of magical power
 i - the ring of Tajootutt (right claw) {rF+ MP+9}
   (You found it on level 12 of the Dungeon)

   [ring of magical power]

   It protects you from fire.
   It affects your magic capacity (+9).
 q - an uncursed amulet of magic regeneration
 U - a +4 ring of protection (left claw)
Wands
 s - a wand of slowing (19/48)
 x - a wand of digging (10/24)
 C - a wand of flame (18/48)
 J - a wand of slowing (27/48)
 L - a wand of paralysis (0/24)
 S - a wand of confusion (22/48)
Scrolls
 e - a scroll of noise
 h - a scroll of identify
 k - a scroll of magic mapping
 m - 7 scrolls of remove curse
 p - 5 scrolls of fear
 B - a scroll of amnesia
 M - 2 scrolls of holy word
 P - a scroll of brand weapon {unknown}
 Q - 2 scrolls of fog
Potions
 d - 6 potions of curing
 l - 3 potions of ambrosia
 r - a potion of magic
 z - 2 potions of cancellation
 K - a potion of berserk rage
 T - a potion of brilliance
Books
 y - a Grand Grimoire

   Spells                             Type                      Level
   a - Monstrous Menagerie            Summoning                    7
   b - Summon Greater Demon           Summoning                    7
   c - Malign Gateway                 Summoning/Translocation      7
   d - Summon Horrible Things         Summoning                    8
 G - a book of Summonings

   Spells                             Type                      Level
   a - Recall                         Summoning/Translocation      3
   b - Aura of Abjuration             Summoning                    5
   c - Summon Demon                   Summoning                    5
   d - Summon Forest                  Summoning/Translocation      5
   e - Summon Mana Viper              Hexes/Summoning              5
   f - Shadow Creatures               Summoning                    6
 H - an Akashic Record

   Spells                             Type                      Level
   a - Dispersal                      Translocation                6
   b - Malign Gateway                 Summoning/Translocation      7
   c - Disjunction                    Translocation                8
   d - Controlled Blink               Translocation                8
 I - a book of Maledictions

   Spells                             Type                      Level
   a - Corona                         Hexes                        1
   b - Ensorcelled Hibernation        Hexes/Ice                    2
   c - Confuse                        Hexes                        3
   d - Tukima's Dance                 Hexes                        3
   e - Dazzling Spray                 Conjuration/Hexes            3
Miscellaneous
 n - a disc of storms
 t - a phial of floods (inert)
 v - a phantom mirror
Comestibles
 u - 6 royal jellies
 F - 4 bread rations
 N - a fruit
 O - 2 meat rations
 R - 2 beef jerkies


   Skills:
 + Level 9.8(9.2) Fighting
 + Level 7.7(7.2) Long Blades
 + Level 6.5(6.0) Maces & Flails
 + Level 5.5(5.0) Armour
 + Level 11.1(10.6) Dodging
 + Level 7.6(7.0) Stealth
 + Level 0.5(0.1) Shields
 * Level 7.1(6.6) Spellcasting
 + Level 1.3(0.8) Hexes
 + Level 1.5(1.0) Ice Magic
 * Level 7.6(7.1) Evocations


You had 21 spell levels left.
You knew the following spells:

 Your Spells              Type           Power        Failure   Level  Hunger
a - Ensorcelled Hibernat  Hex/Ice        #.....       99%         2    ##.....
b - Recall                Summ/Tloc      N/A          100%        3    ###....


Dungeon Overview and Level Annotations

Branches:
Dungeon (15/15)            Temple (0/1) D:4            Lair (0/8) D:9
    Orc (1/2) D:9          Vaults (0/5) D:14         Depths (1/5) D:15

Altars:
Cheibriados
Dithmenos
Gozag
Vehumet
Xom

Shops:
D:10 ?   D:13 =

Portals:
Trove: D:15 (give horn of Geryon)

Annotations:
D:8 exclusion: statue
D:13 Josephine


Innate Abilities, Weirdness & Mutations

You have claws for hands.
You are completely covered in slimy green scales (AC +4, rPois).
A weak demonic guardian rushes to your aid.
You are partially covered in sharp spines.
You have a pair of small antennae on your head.
You are agile. (Dex +2)
You can translocate small distances at will.
Your body sometimes deteriorates upon taking damage.
Your flesh is very heat resistant.
You are resistant to hostile enchantments.
You occasionally shout uncontrollably at your foes.
Your muscles are strong. (Str +2)
Your spells are a little harder to cast, but a little more powerful.


Message History

The yaktaur shoots a bolt.
The bolt hits you.
The lich gestures at you while chanting.
You resist with significant effort. The lich is struck by your spines.
The lich touches you.
The yaktaur shoots a bolt.
The bolt hits you but does no damage. The lich is struck by your spines.
The lich touches you.
You turn to flesh and can move again.
Xom decides to shift things around a little.
The lich blinks!
The lich casts a spell at you. The bolt of acid hits you!
The acid burns!
* * * LOW HITPOINT WARNING * * *
There is a staircase back to the Dungeon, spattered with blood here.
Xom pokes at a nearby staircase.
The staircase back to the Dungeon moves from beneath you!
The staircase back to the Dungeon slides away from you!
The lich points at you and mumbles some strange words.
The bolt of acid hits you!
You die...
Xom chortles!

#####################
...........(.(.......
....................}
.......(..(..@.......
....^.......(........
...........ยง(........
...............L.....
.........<.........#.
...##..####...##...#
### ### #...# ...#
....c ...# ..... .#


You could see a lich and a yaktaur.

Vanquished Creatures
  2 fire giants
  The ghost of jocendy the Brawler, a journeyman TrMo of Qazlal (D:14)
  The ghost of marshmellons the Cleaver, a journeyman MiFi of Ru (D:15)
  A centaur warrior (D:14)
  3 hydras
  2 tengu warriors (D:15)
  2 skeletal warriors (D:15)
  3 unseen horrors
  2 hill giants
  An orc knight (D:15)
  Pikel (D:8)
  A necromancer (D:14)
  2 deep elf magi (D:14)
  A cyclops (D:12)
  A griffon (D:14)
  A faun (D:14)
  An ugly thing (D:12)
  A gargoyle (D:12)
  A centaur skeleton (D:15)
  Psyche (D:8)
  A komodo dragon (D:14)
  2 freezing wraiths (D:15)
  A rime drake (shapeshifter) (D:9)
  2 kobold demonologists
  3 tengu conjurers (D:15)
  4 trolls
  A giant leech (D:15)
  A harpy skeleton (D:15)
  A two-headed ogre (D:10)
  4 slime creatures (D:12)
  2 water elementals (D:14)
  3 shadows
  A spriggan (D:11)
  20 yaks
  5 wraiths
  2 basilisks
  3 hippogriffs
  A soldier ant (D:13)
  2 hell hounds (D:9)
  7 orc warriors
  4 black bears
  5 sky beasts
  5 ice beasts
  5 phantoms
  A wasp (D:10)
  2 necrophages
  10 ogres
  A boggart (D:4)
  3 eyes of draining
  8 centaurs
  A crocodile (D:11)
  11 giant frogs
  10 big kobolds
  A gnoll sergeant (D:9)
  A scorpion (D:3)
  5 killer bees (D:11)
  14 wights
  8 electric eels (D:14)
  4 crimson imps
  A quasit (D:14)
  2 centaur zombies
  6 jellies
  7 hounds
  3 giant frog skeletons
  2 orc priests
  9 orc wizards
  4 iguanas
  7 worker ants
  A killer bee zombie (D:9)
  2 worker ant zombies
  2 gnolls
  15 adders
  4 shadow imps
  An ooze (D:3)
  3 worms
  3 dart slugs
  3 giant geckos
  31 orcs
  A ball python (D:1)
  9 bats
  3 giant cockroaches
  10 goblins
  9 hobgoblins
  4 jackals
  4 quokkas
  A giant cockroach zombie (D:6)
  5 giant newts
  29 kobolds
  4 quokka skeletons
  A quokka zombie (D:4)
  14 rats
394 creatures vanquished.

Vanquished Creatures (collateral kills)
  A vampire knight (D:15)
  A giant orange brain (D:15)
  An unseen horror (D:10)
  A troll (D:9)
  A two-headed ogre (D:10)
  A harpy skeleton (D:15)
  A yak (D:12)
  2 sky beasts
  An orc warrior (D:10)
  An ogre (D:13)
  An eye of draining (D:14)
  A centaur (D:14)
  A big kobold (D:10)
  A giant frog (D:12)
  A gnoll sergeant (D:9)
  3 wights (D:11)
  A crimson imp (D:10)
  A giant frog zombie (D:12)
  2 orc wizards
  An orc priest (D:11)
  A worker ant (D:12)
  4 orcs
  A kobold (D:10)
30 creatures vanquished.

Vanquished Creatures (others)
  An anubis guard (D:8)
  A merfolk (D:12)
  A yak (D:8)
  A sky beast (D:10)
  4 slaves
  2 giant frogs
  A wight (D:9)
  A statue (D:8)
  2 adders
  A kobold (D:6)
15 creatures vanquished.

Grand Total: 439 creatures vanquished

Notes
Turn   | Place    | Note
--------------------------------------------------------------
     0 | D:1      | grantduval the Demonspawn Chaos Knight began the quest for the Orb.
     0 | D:1      | Reached XP level 1. HP: 18/18 MP: 1/1
    62 | D:1      | Reached skill level 1 in Dodging
    89 | D:1      | Gained mutation: You are partially covered in slimy green scales (AC +2). [demonic ancestry]
    89 | D:1      | Reached XP level 2. HP: 14/24 MP: 2/2
   110 | D:1      | XOM: harmless Pois miscast
   466 | D:1      | XOM: smoke on damage
   509 | D:1      | XOM: mild Necr miscast
   569 | D:1      | XOM: silly message
   616 | D:1      | XOM: potion effect (invisibility)
   620 | D:1      | Gained mutation: You have sharp fingernails. [demonic ancestry]
   620 | D:1      | Reached XP level 3. HP: 29/29 MP: 3/3
  1075 | D:2      | Found a shadowy altar of Dithmenos.
  1348 | D:2      | Reached skill level 2 in Dodging
  1500 | D:2      | XOM: medium Erth miscast
  1674 | D:3      | XOM: stealth player
  1689 | D:3      | Reached XP level 4. HP: 36/36 MP: 4/4
  1870 | D:3      | XOM: 3-stop teleportation journey
  1880 | D:3      | Reached XP level 5. HP: 29/42 MP: 5/5
  2028 | D:3      | XOM: god gift: phial of floods
  2168 | D:3      | XOM: destruction
  2226 | D:3      | Noticed Terence
  2228 | D:3      | XOM: swap monsters
  2275 | D:3      | Noticed Terence
  2275 | D:3      | Terence changed into Terence the worker ant
  2279 | D:3      | Killed Terence the worker ant
  2279 | D:3      | Reached skill level 1 in Stealth
  2307 | D:3      | XOM: god gift: phantom mirror
  2370 | D:3      | XOM: severe Air miscast
  2426 | D:3      | XOM: scenery: create altars
  2427 | D:3      | Reached skill level 3 in Dodging
  2521 | D:3      | XOM: give mutations
  2521 | D:3      | Gained mutation: Your natural rate of healing is unusually fast. [Xom's grace]
  2521 | D:3      | Gained mutation: You are agile. (Dex +2) [Xom's grace]
  2521 | D:3      | Gained mutation: Your muscles are strong. (Str +2) [Xom's grace]
  2521 | D:3      | Gained mutation: Your flesh is heat resistant. [Xom's grace]
  2601 | D:3      | XOM: vitrification
  2645 | D:4      | Got a brightly glowing lajatang
  2674 | D:3      | Gained mutation: You can translocate small distances at will. [potion of mutation]
  2674 | D:3      | Gained mutation: You are very agile. (Dex +4) [potion of mutation]
  2674 | D:3      | Lost mutation: Your natural rate of healing is unusually fast. [potion of mutation]
  2778 | D:4      | Noticed an ogre
  2779 | D:4      | Found a staircase to the Ecumenical Temple.
  2787 | D:4      | XOM: butterfly on damage
  2791 | D:4      | Killed an ogre
  2791 | D:4      | Gained mutation: You are mostly covered in slimy green scales (AC +3). [demonic ancestry]
  2791 | D:4      | Reached XP level 6. HP: 22/48 MP: 3/6
  2811 | D:4      | Found an opulent altar of Gozag.
  2829 | D:4      | XOM: god gift: disc of storms
  2889 | D:4      | XOM: vitrification
  2901 | D:4      | XOM: 6-stop teleportation journey
  3224 | D:4      | XOM: noise
  3249 | D:4      | Found a snail-covered altar of Cheibriados.
  3325 | D:4      | XOM: colour smoke trail
  3438 | D:5      | Entered Level 5 of the Dungeon
  3631 | D:6      | Reached skill level 4 in Dodging
  3661 | D:6      | XOM: 2-stop teleportation journey
  3672 | D:6      | Reached XP level 7. HP: 55/55 MP: 7/7
  3860 | D:6      | XOM: snakes to sticks
  3977 | D:6      | Gained mutation: A weak demonic guardian rushes to your aid. [demonic ancestry]
  3977 | D:6      | Reached XP level 8. HP: 61/61 MP: 8/8
  4016 | D:6      | XOM: 2-stop teleportation journey
  4183 | D:6      | Reached skill level 5 in Fighting
  4193 | D:6      | Reached skill level 5 in Long Blades
  4199 | D:6      | Reached skill level 5 in Dodging
  4298 | D:6      | Gained mutation: Your body sometimes deteriorates upon taking damage. [mutagenic meat]
  4299 | D:6      | Lost mutation: You are very agile. (Dex +4) [mutagenic meat]
  4300 | D:6      | Gained mutation: You occasionally shout uncontrollably at your foes. [mutagenic meat]
  4302 | D:6      | Lost mutation: You are agile. (Dex +2) [mutagenic meat]
  4303 | D:6      | Gained mutation: Your flesh is very heat resistant. [mutagenic meat]
  4642 | D:7      | Gained mutation: You are agile. (Dex +2) [mutagenic meat]
  4786 | D:7      | XOM: 1-stop teleportation journey
  4847 | D:7      | XOM: vitrification
  4916 | D:7      | XOM: scenery: create altars
  4932 | D:7      | XOM: cast spell 'Olgreb's Toxic Radiance'
  4937 | D:7      | Gained mutation: You have very sharp fingernails. [demonic ancestry]
  4937 | D:7      | Reached XP level 9. HP: 45/69 MP: 6/9
  4942 | D:7      | Reached skill level 6 in Dodging
  5455 | D:7      | XOM: harmless Erth miscast
  5461 | D:7      | XOM: god gift: 12 gold pieces
  5495 | D:7      | Learned a level 2 spell: Ensorcelled Hibernation
  5530 | D:8      | Reached skill level 5 in Stealth
  5567 | D:8      | Found a radiant altar of Vehumet.
  5618 | D:8      | XOM: silly message
  5763 | D:8      | Noticed Pikel
  5779 | D:8      | XOM: harmless Hex miscast
  5780 | D:8      | XOM: potion effect (heal wounds)
  5784 | D:8      | XOM: potion effect (invisibility)
  5813 | D:8      | XOM: harmless Divn miscast
  5817 | D:8      | Killed Pikel
  5936 | D:8      | Noticed Psyche
  5946 | D:8      | Killed Psyche
  6277 | D:9      | Noticed a troll
  6279 | D:9      | XOM: polymorph yak -> black bear
  6280 | D:9      | XOM: harmless Erth miscast
  6309 | D:9      | XOM: mild Tloc miscast
  6636 | D:9      | XOM: polymorph iron imp -> iron imp
  6640 | D:8      | Noticed a jumping spider
  6640 | D:8      | a yak changed into a jumping spider
  6640 | D:8      | XOM: polymorph yak -> jumping spider
  6643 | D:8      | Noticed an anubis guard
  6643 | D:8      | a jumping spider changed into an anubis guard
  6643 | D:8      | XOM: polymorph jumping spider -> anubis guard
  6644 | D:8      | XOM: swap monsters
  6661 | D:8      | XOM: summons friendly white imp
  6663 | D:8      | XOM: enchant monster (good)
  6706 | D:8      | Killed an anubis guard
  6706 | D:8      | Reached skill level 7 in Dodging
  6706 | D:8      | Reached skill level 1 in Ice Magic
  6910 | D:9      | Found a staircase to the Lair.
  6930 | D:9      | XOM: scenery: create altars
  6978 | D:9      | Killed a troll
  6978 | D:9      | Reached XP level 10. HP: 58/79 MP: 9/10
  7233 | D:9      | Found a staircase to the Orcish Mines.
  7259 | D:9      | XOM: destruction
  7304 | D:9      | XOM: 1-stop teleportation journey
  7340 | D:9      | Reached skill level 1 in Evocations
  7363 | D:9      | XOM: silly message
  7376 | D:9      | XOM: harmless Divn miscast
  7454 | D:9      | Reached skill level 1 in Hexes
  7500 | D:8      | XOM: god gift: scroll of teleportation
  7794 | D:9      | XOM: scenery: create altars
  7814 | D:9      | XOM: god gift: paperback book {god gift}
  7967 | D:9      | XOM: noise
  7979 | D:9      | Reached skill level 1 in Spellcasting
  8118 | D:8      | XOM: harmless Hex miscast
  8179 | D:10     | Entered Level 10 of the Dungeon
  8278 | D:8      | XOM: smoke on damage
  8794 | Orc:1    | Entered Level 1 of the Orcish Mines
  8815 | Orc:1    | XOM: summons friendly iron imp
  8833 | D:9      | Reached skill level 8 in Dodging
  8849 | D:9      | XOM: confuse monster(s)
  9081 | D:8      | XOM: vitrification
  9440 | D:10     | XOM: divination: detect creatures
  9553 | D:10     | XOM: destruction
  9756 | D:10     | Killed an unseen horror
  9823 | D:10     | XOM: summons 2 friendly demons
  9825 | D:10     | XOM: scenery: 3 doors close
  9918 | D:10     | Found Umpaep's Magic Scroll Emporium.
  9923 | D:10     | Reached skill level 1 in Maces & Flails
  9923 | D:10     | Gained mutation: You are partially covered in sharp spines. [demonic ancestry]
  9923 | D:10     | Reached XP level 11. HP: 62/85 MP: 15/15
 10008 | D:11     | XOM: noise
 10052 | D:11     | XOM: scenery: create altars
 10053 | D:11     | XOM: summons 2 hostile demons
 10059 | D:11     | Found a shimmering altar of Xom.
 10070 | D:11     | XOM: 1-stop teleportation journey
 10109 | D:11     | Killed an unseen horror
 10142 | D:11     | Reached skill level 9 in Dodging
 10350 | D:11     | Noticed a hill giant
 10356 | D:11     | Killed a hill giant
 10507 | D:11     | XOM: summons 5 hostile demons
 10508 | D:11     | XOM: god gift: potion of lignification
 10628 | D:11     | Found a radiant altar of Vehumet.
 10753 | D:12     | Noticed a red ugly thing
 10768 | D:12     | Killed a red ugly thing
 10813 | D:12     | XOM: mild Chrm miscast
 10853 | D:12     | XOM: mild Trmt miscast
 10865 | D:12     | XOM: confusion (+ monsters)
 11076 | D:12     | Hired Vurgh the merfolk for 271 gold.
 11145 | D:12     | XOM: 2-stop teleportation journey
 11157 | D:12     | Your ally Vurgh died
 11166 | D:12     | Learned a level 3 spell: Recall
 11187 | D:12     | Got a scorched granite ring
 11188 | D:12     | Identified the ring of Tajootutt {rF+ MP+9} (You found it on level 12 of the Dungeon)
 11503 | D:12     | XOM: destruction
 11515 | D:12     | XOM: cast spell 'Summon Small Mammal'
 11804 | D:12     | XOM: swap monsters
 12225 | D:12     | XOM: destruction
 12333 | D:12     | Reached skill level 5 in Evocations
 12513 | D:13     | Found a labyrinth entrance.
 12575 | D:13     | Noticed an eight-headed hydra
 12591 | D:13     | Killed an eight-headed hydra
 12671 | D:13     | Killed an unseen horror
 12671 | D:13     | Reached XP level 12. HP: 92/94 MP: 19/19
 12701 | D:13     | Reached skill level 10 in Dodging
 12717 | D:13     | Reached skill level 5 in Spellcasting
 12796 | D:13     | Noticed a seven-headed hydra
 12816 | D:13     | Killed a seven-headed hydra
 12816 | D:13     | Reached skill level 5 in Armour
 12918 | D:13     | XOM: harmless Hex miscast
 13022 | D:13     | Noticed Josephine
 13031 | D:13     | XOM: enchant monster (good)
 13032 | D:13     | XOM: summons 2 friendly demons
 13044 | D:13     | XOM: butterfly on damage
 13349 | D:13     | XOM: scenery: 1 doors close
 13384 | D:13     | Found Qocw's Jewellery Boutique.
 13567 | D:13     | XOM: butterfly on damage
 13892 | D:14     | XOM: divination: magic mapping
 13946 | D:14     | XOM: summons 1 friendly demon
 13969 | D:14     | XOM: vitrification
 13973 | D:14     | Noticed jocendy's ghost (journeyman TrMo)
 13995 | D:14     | Killed jocendy's ghost
 14140 | D:14     | XOM: enchant monster (good)
 14283 | D:14     | XOM: god gift: large bronze ring {god gift}
 14295 | D:14     | XOM: give mutations
 14295 | D:14     | Gained mutation: You have a pair of small antennae on your head. [Xom's grace]
 14295 | D:14     | Gained mutation: You are resistant to hostile enchantments. [Xom's grace]
 14313 | D:14     | XOM: god gift: 6 royal jellies
 14371 | D:14     | XOM: give mutations
 14371 | D:14     | Gained mutation: You are completely covered in slimy green scales (AC +4, rPois). [Xom's grace]
 14371 | D:14     | Gained mutation: Your spells are a little harder to cast, but a little more powerful. [Xom's grace]
 14516 | D:14     | Reached skill level 5 in Maces & Flails
 14881 | D:14     | XOM: 4-stop teleportation journey
 15194 | D:14     | XOM: harmless Erth miscast
 15344 | D:14     | Found a gate to the Vaults.
 15373 | D:14     | Noticed a centaur warrior
 15379 | D:14     | XOM: enchant monster (bad)
 15383 | D:14     | XOM: cast spell 'Spider Form'
 15397 | D:14     | XOM: confusion
 15403 | D:14     | XOM: harmless Erth miscast
 15516 | D:14     | XOM: silly message
 15576 | D:14     | XOM: scenery: create altars
 15752 | D:14     | Killed a centaur warrior
 15880 | D:14     | XOM: colour smoke trail
 15930 | D:14     | XOM: harmless Air miscast
 16090 | D:14     | XOM: polymorph iron imp -> white imp
 16102 | D:15     | Entered Level 15 of the Dungeon
 16102 | D:15     | Noticed a six-headed hydra
 16107 | D:15     | Killed a six-headed hydra
 16158 | D:15     | XOM: noise
 16411 | D:15     | Gained mutation: You have claws for hands. [demonic ancestry]
 16411 | D:15     | Reached XP level 13. HP: 84/101 MP: 22/22
 16438 | D:15     | XOM: medium Erth miscast
 16450 | D:15     | Noticed marshmellons's ghost (journeyman MiFi)
 16461 | D:15     | XOM: confusion
 16463 | D:15     | XOM: medium Pois miscast
 16937 | D:14     | XOM: polymorph tengu warrior -> faun
 17049 | D:15     | Killed marshmellons's ghost
 17199 | D:15     | XOM: summons friendly white imp
 17234 | D:15     | XOM: summons friendly white imp
 17312 | D:14     | XOM: harmless Trmt miscast
 17372 | D:15     | XOM: harmless Ice miscast
 17467 | D:15     | XOM: summons friendly quasit
 17468 | D:15     | Reached skill level 11 in Dodging
 17478 | D:15     | Found a staircase to the Depths.
 17479 | D:15     | Noticed a fire giant
 17596 | D:15     | XOM: summons 7 friendly demons
 17704 | D:15     | Killed a fire giant
 17806 | D:15     | XOM: vitrification
 17840 | D:15     | Found a portal to a secret trove of treasure.
 17885 | D:15     | XOM: fake destruction
 17888 | D:15     | XOM: divination: magic mapping
 17890 | D:15     | XOM: fog
 17964 | D:15     | XOM: confuse monster(s)
 18408 | D:15     | XOM: enchant monster (good)
 18410 | D:15     | XOM: cast spell 'Call Canine Familiar'
 18426 | D:15     | XOM: harmless Erth miscast
 18432 | D:15     | XOM: divination: detect items
 18447 | D:15     | XOM: confuse monster(s)
 18465 | D:15     | XOM: harmless Trmt miscast
 18607 | D:15     | XOM: confuse monster(s)
 18673 | Depths:1 | Entered Level 1 of the Depths
 18673 | Depths:1 | Noticed a vampire knight
 18673 | Depths:1 | Noticed an ettin
 18674 | Depths:1 | Noticed a lich
 18693 | D:15     | XOM: polymorph iron imp -> crimson imp
 19086 | D:14     | Noticed a fire giant
 19095 | D:14     | XOM: smoke on damage
 19184 | D:14     | XOM: divination: magic mapping
 19409 | D:14     | XOM: cast spell 'Summon Butterflies'
 19428 | D:14     | Killed a fire giant
 19689 | D:15     | XOM: potion effect (heal wounds)
 19691 | D:15     | an ettin changed into a giant leech
 19691 | D:15     | XOM: polymorph ettin -> giant leech
 19708 | D:15     | XOM: enchant monster (bad)
 19991 | D:15     | XOM: vitrification
 20047 | D:15     | XOM: cast spell 'Summon Ice Beast'
 20053 | D:15     | XOM: cast spell 'Summon Hydra'
 20060 | D:15     | Killed a vampire knight
 20211 | D:15     | XOM: mild Air miscast
 20223 | D:15     | XOM: scenery: create altars
 20234 | D:15     | XOM: enchant monster (good)
 20548 | D:15     | XOM: 9-stop teleportation journey
 20619 | Depths:1 | XOM: blink monster(s)
 20620 | Depths:1 | XOM: repel stairs
 20620 | Depths:1 | Killed from afar by a lich

Skill      XL: |  1  2  3  4  5  6  7  8  9 10 11 12 13 |
---------------+----------------------------------------+-----
Dodging        | 1 2 3 4 5 7 8 9 10 11 | 11.1
Armour         | 2 3 4 5 |  5.5
Long Blades    | 3 4 5 6 7 |  7.7
Stealth        | 1 2 3 4 5 6 7 |  7.6
Fighting       | 4 5 7 8 9 |  9.8
Ice Magic      | 1 |  1.5
Evocations     | 3 5 6 7 |  7.6
Hexes          | 1 |  1.3
Spellcasting   | 2 4 6 7 |  7.1
Maces & Flails | 1 3 5 6 |  6.5
Shields        | |  0.5

Action                   |  1- 3 |  4- 6 |  7- 9 | 10-12 | 13-15 || total
-------------------------+-------+-------+-------+-------+-------++-------
Melee: Falchion          |   140 |   186 |   289 |   267 |       ||   882
       Demon whip        |       |       |       |   742 |   318 ||  1060
       Unarmed           |       |       |       |     1 |       ||     1
 Cast: Ensorcelled Hiber |       |       |     2 |     4 |       ||     6
 Abil: Blink             |       |       |     7 |    12 |    12 ||    31
Evoke: Wand              |       |       |     3 |    13 |       ||    16
       Disc of storms    |       |       |     3 |     3 |     2 ||     8
       Deck              |       |       |     2 |     3 |       ||     5
       Phial of floods   |       |       |       |     2 |     1 ||     3
  Use: Scroll            |       |    10 |     9 |    12 |     4 ||    35
       Potion            |       |     6 |     7 |     2 |     3 ||    18
 Stab: Invisible         |     2 |       |     2 |       |       ||     4
       Petrifying        |       |     1 |     1 |       |       ||     2
       Confused          |       |     3 |       |     3 |     1 ||     7
       Sleeping          |       |     2 |     7 |    13 |       ||    22
       Paralysed         |       |       |     3 |    18 |       ||    21
       Petrified         |       |       |     1 |       |       ||     1
       Distracted        |       |       |     1 |    12 |     4 ||    17
  Eat: Bread ration      |     1 |     2 |       |       |     3 ||     6
       Chunk             |       |       |     7 |       |       ||     7
       Pizza             |       |       |     2 |    12 |       ||    14
       Meat ration       |       |       |     2 |     2 |       ||     4
       Royal jelly       |       |       |       |     1 |     1 ||     2
Armor: Leather armour    |    70 |    77 |   102 |   268 |    96 ||   613
       Skin              |       |       |       |     1 |       ||     1
Dodge: Dodged            |   105 |   162 |   217 |   743 |   199 ||  1426
Block: Shield            |       |       |       |       |    21 ||    21
